 Dungeon Crawl Stone Soup version 0.30.0-5-g1a98f26d00 (webtiles) character file.

Game seed: 11970877935026209474

15291 firemarshallily the Spear-Bearer (level 12, -11/91 HPs)
             Began as a Gnoll Wanderer on May 8, 2023.
             Was a High Priest of Qazlal.
             Mangled by a frost giant
             ... wielding a +1 battleaxe of freezing
              (31 damage)
             ... in an ice cave.
             The game lasted 00:31:37 (10949 turns).

firemarshallily the Spear-Bearer (Gnoll Wanderer)  Turns: 10949, Time: 00:31:37

Health: -11/91     AC: 22    Str: 16 (18) XL:     12   Next: 25%
Magic:  11/14      EV: 13    Int: 12      God:    Qazlal [*****.]
Gold:   158        SH:  6    Dex: 11 (13) Spells: 22/25 levels left

rFire   + + .        v - +3 trident of Ujuong {freeze, Will+}
rCold   + . .        (no shield)
rNeg    + + +        s - +3 ring mail "Ihaugo" {rN+++ MP-9 Str+3}
rPois   +            C - +2 helmet
rElec   +            (no cloak)
rCorr   +            k - +1 pair of gloves
SInv    .            H - +2 pair of boots of the Ornamental God {Drain rElec rPois rCorr}
Will    +....        E - amulet of magic regeneration
Stlth   +            z - ring of protection from fire
HPRegen 0.35/turn    u - ring of positive energy
MPRegen 0.54/turn

%: repel missiles
@: mighty, resistant, protected from physical damage, flying, hasted (expiring),
very quick
A: fangs 1, strong nose, distributed training
a: Renounce Religion, Upheaval, Elemental Force, Disaster Area


You were in an ice cave.
You worshipped Qazlal.
Qazlal was extremely pleased with you.
You visited 2 branches of the dungeon, and saw 12 of its levels.
You also visited: Ossuary and Ice Cave.

You collected 766 gold pieces.
You spent 608 gold pieces at shops.

Inventory:

Hand Weapons
 v - the +3 trident of Ujuong (weapon) {freeze, Will+}
   (You bought it in a shop on level 4 of the Dungeon)

   Will:      It increases your willpower.
Missiles
 i - 2 atropa-tipped darts
 m - 32 poisoned darts (quivered)
 r - 4 boomerangs
 t - 5 throwing nets
 K - 3 curare-tipped darts
Armour
 c - a +1 cloak of cold resistance
 k - a +1 pair of gloves (worn)
 s - the +3 ring mail "Ihaugo" (worn) {rN+++ MP-9 Str+3}
   (You found it on level 2 of the Dungeon)

   Str:       It affects your strength (+3).
   rN:        It renders you almost immune to negative energy.
   MP:        It affects your magic capacity (-9).
 C - a +2 helmet (worn)
 H - the +2 pair of boots of the Ornamental God (worn) {Drain rElec rPois rCorr}
   (You bought it in a shop on level 1 of the Dungeon)

   rElec:     It insulates you from electricity.
   rPois:     It protects you from poison.
   rCorr:     It protects you from acid and corrosion.
   Drain:     It drains your maximum health when unequipped.
Jewellery
 u - a ring of positive energy (right hand)
 z - a ring of protection from fire (left hand)
 E - an amulet of magic regeneration (around neck)
 G - a ring of fire
Wands
 B - a wand of flame (19)
 M - a wand of paralysis (7)
Scrolls
 a - 2 scrolls of vulnerability
 d - a scroll of fog
 f - 8 scrolls of teleportation
 l - 3 scrolls of amnesia
 n - 2 scrolls of fear
 p - 2 scrolls of blinking
 x - 2 scrolls of magic mapping
 y - 3 scrolls of immolation
 D - 2 scrolls of enchant weapon
 I - a scroll of torment
 J - 2 scrolls of poison
 L - a scroll of silence {unknown}
Potions
 b - a potion of resistance
 e - 2 potions of lignification
 g - 3 potions of might
 h - a potion of haste
 j - 8 potions of curing
 F - a potion of brilliance {unknown}


   Skills:
 + Level 7.4 Fighting
 + Level 8.8 Short Blades
 + Level 7.4 Long Blades
 + Level 7.4 Axes
 + Level 7.4 Maces & Flails
 + Level 11.2 Polearms
 + Level 7.4 Staves
 + Level 7.4 Ranged Weapons
 + Level 7.4 Throwing
 + Level 9.9 Armour
 + Level 7.4 Dodging
 + Level 7.8 Stealth
 + Level 7.4 Shields
 + Level 7.4 Unarmed Combat
 + Level 7.4 Spellcasting
 + Level 6.1 Conjurations
 + Level 6.1 Hexes
 + Level 6.1 Summonings
 + Level 6.1 Necromancy
 + Level 6.1 Translocations
 + Level 6.1 Transmutations
 + Level 6.1 Fire Magic
 + Level 6.1 Ice Magic
 + Level 6.1 Air Magic
 + Level 6.1 Earth Magic
 + Level 6.1 Poison Magic
 + Level 8.1 Invocations
 + Level 7.4 Evocations


You had 22 spell levels left.
You knew the following spells:

 Your Spells              Type           Power      Damage    Failure   Level
a - Call Canine Familiar  Summ           19%        N/A       6%          3

Your spell library contained the following spells:

 Spells                   Type           Power      Damage    Failure   Level
 Portal Projectile        Hex/Tloc       38%        N/A       6%          3
 Leda's Liquefaction      Hex/Erth       9%         N/A       21%         4


Dungeon Overview and Level Annotations

Branches:
Dungeon (11/15)            Temple (1/1) D:4            Lair (0/5) D:9
    Orc (0/2) D:10        Ossuary (visited)           IceCv (1/1)

Altars:
Ashenzari
Cheibriados
Dithmenos
Elyvilon
Fedhas
Gozag
Hepliaklqana
Kikubaaqudgha
Makhleb
Nemelex Xobeh
Okawaru
Qazlal
Ru
Sif Muna
Trog
Uskayaw
Vehumet
Wu Jian
Xom
Yredelemnul
Zin
The Shining One

Shops:
D:1 [   D:4 (   D:8 *   D:9 ?   D:10 :

Annotations:
IceCv exclusion: ice statue


Innate Abilities, Weirdness & Mutations

You have very sharp teeth.
Your uncanny sense of smell can sniff out nearby items.
Your experience applies equally to all skills.


Message History

The frost giant is lightly wounded.
You hit the frost giant but do no damage.
The frost giant is lightly wounded.
The frost giant points at you and mumbles some strange words.
The bolt of cold hits you! You resist.
You puncture the frost giant! You freeze the frost giant.
The frost giant is moderately wounded.
You hear a bellow!
You hit the frost giant but do no damage.
The frost giant is moderately wounded.
The frost giant hits you with a +1 battleaxe of freezing!!
* * * LOW HITPOINT WARNING * * *
Your resistance to cold fades away.
You feel protected from physical attacks.
The frost giant freezes you.
* * * LOW HITPOINT WARNING * * *
Unknown command.
You feel much better.
Press: ? - help, v - describe, . - travel, g - get item
Here: a frost giant, wielding a +1 battleaxe of freezing (sparse dust, moderately wounded)
Items here: a polar bear corpse; a wolf corpse.
The floor, spattered with blood.
You feel much better.
Your extra speed is starting to run out.
You block the frost giant's attack.
You impale the frost giant!!
The frost giant is heavily wounded.
The frost giant hits you with a +1 battleaxe of freezing!!
* * * LOW HITPOINT WARNING * * *
The frost giant freezes you.
* * * LOW HITPOINT WARNING * * *
You hear a bellow!
Casting: Call Canine Familiar (mildly dangerous; 6% risk of failure)
Confirm with . or Enter, or press ? or * to list all spells.
You barely miss the frost giant.
The frost giant is heavily wounded.
You hear a bellow!
A yak comes into view.
The frost giant hits you with a +1 battleaxe of freezing!!
You die...

##...#≈≈≈≈≈###...##
#.#.###≈≈≈≈.#.....#
##..##
##≈≈##......# #..##
#####..###..# #.##
#.....## ..#
#......# #.#
#....§.## .##
#..Y†C..# ##
#..#°@h.# #..#..○##
#..##.## #.. ### #.


You could see a frost giant (ally target), a yak and a friendly hound
(summoned).

Vanquished Creatures
  A centaur warrior (D:9)
  3 two-headed ogres
  Erica (D:8)
  A tengu warrior (D:9)
  3 death yaks (IceCv)
  An orc knight (D:9)
  A manticore (D:9)
  2 rime drakes (IceCv)
  4 polar bears (IceCv)
  2 hornets (D:9)
  A wyvern (D:8)
  14 yaks
  A wraith (D:10)
  A steam dragon (D:9)
  3 vampire mosquitoes (D:11)
  3 sky beasts
  3 ice beasts
  2 orc warriors
  2 black bears
  4 wolves (IceCv)
  2 ogres (D:6)
  2 centaurs
  A boggart (D:9)
  2 phantoms (D:6)
  4 kobold brigands
  2 elf zombies (Ossuary)
  2 bullfrogs
  7 scorpions
  7 wights (D:9)
  5 killer bees (D:10)
  An electric eel (D:9)
  4 howler monkeys
  3 gnoll boudas
  A human zombie (Ossuary)
  4 hounds
  A sleepcap (D:8)
  6 orc priests
  4 jellies
  2 iguanas
  Ijyb (D:5)
  Terence (D:3)
  6 orc wizards
  A hound zombie (Ossuary)
  4 mummies (Ossuary)
  6 adders
  18 gnolls
  2 shadow imps (D:7)
  4 white imps
  An ufetubus (D:11)
  A worm (D:2)
  4 dart slugs
  36 orcs
  7 ball pythons
  9 endoplasms
  3 giant cockroaches
  8 goblins
  12 hobgoblins
  4 jackals
  3 quokkas
  3 bats
  2 frilled lizards
  A hobgoblin zombie (Ossuary)
  21 kobolds
  2 kobold zombies (Ossuary)
  An orc zombie (Ossuary)
  3 rats (D:2)
  4 rat zombies (Ossuary)
281 creatures vanquished.

Vanquished Creatures (collateral kills)
  An acid dragon (D:10)
1 creature vanquished.

Vanquished Creatures (others)
  A gnoll bouda (D:8)
1 creature vanquished.

Grand Total: 283 creatures vanquished

Notes
Turn   | Place    | Note
-------+----------+-------------------------------------------
     0 | D:1      | firemarshallily the Gnoll Wanderer began the quest for the
                  | Orb.
     0 | D:1      | firemarshallily set off with the following items: a +2
                  | spear, a +0 short sword, a +0 ring mail, a scroll of fog.
     0 | D:1      | Reached XP level 1. HP: 13/13 MP: 1/1
   102 | D:1      | Reached XP level 2. HP: 12/19 MP: 2/2
   287 | D:1      | Found Micvy's Antique Armour Boutique.
   571 | D:1      | Reached XP level 3. HP: 19/25 MP: 3/3
   749 | D:2      | Reached skill level 1 in Invocations
   959 | D:2      | Identified the +3 ring mail "Ihaugo" {rN+++ MP-9 Str+3}
   983 | D:2      | Reached skill level 1 in Fighting
   983 | D:2      | Reached skill level 1 in Long Blades
   983 | D:2      | Reached skill level 1 in Axes
   983 | D:2      | Reached skill level 1 in Maces & Flails
   983 | D:2      | Reached skill level 1 in Staves
   983 | D:2      | Reached skill level 1 in Ranged Weapons
   983 | D:2      | Reached skill level 1 in Throwing
   983 | D:2      | Reached skill level 1 in Dodging
   983 | D:2      | Reached skill level 1 in Shields
   983 | D:2      | Reached skill level 1 in Unarmed Combat
   983 | D:2      | Reached skill level 1 in Spellcasting
   983 | D:2      | Reached skill level 1 in Evocations
  1108 | D:2      | Reached XP level 4. HP: 19/32 MP: 0/5
  1175 | D:2      | You fall into a shaft and drop 1 floor!
  1486 | D:3      | Noticed Terence
  1504 | D:3      | Killed Terence
  1505 | D:3      | Reached skill level 1 in Conjurations
  1505 | D:3      | Reached skill level 1 in Hexes
  1505 | D:3      | Reached skill level 1 in Summonings
  1505 | D:3      | Reached skill level 1 in Necromancy
  1505 | D:3      | Reached skill level 1 in Translocations
  1505 | D:3      | Reached skill level 1 in Transmutations
  1505 | D:3      | Reached skill level 1 in Fire Magic
  1505 | D:3      | Reached skill level 1 in Ice Magic
  1505 | D:3      | Reached skill level 1 in Air Magic
  1505 | D:3      | Reached skill level 1 in Earth Magic
  1505 | D:3      | Reached skill level 1 in Poison Magic
  1622 | D:3      | Found a burning altar of Makhleb.
  1953 | D:3      | Found a radiant altar of Vehumet.
  1956 | D:3      | Found an ornate altar of the Wu Jian Council.
  1962 | D:3      | Found a shimmering altar of Xom.
  1963 | D:3      | Found a glowing golden altar of the Shining One.
  1969 | D:3      | Found a glowing silver altar of Zin.
  2235 | D:4      | Noticed a scorpion
  2246 | D:4      | Killed a scorpion
  2247 | D:4      | Reached XP level 5. HP: 37/37 MP: 0/7
  2276 | D:4      | Reached XP level 6. HP: 21/44 MP: 0/8
  2427 | D:4      | Found Gitwagah's Antique Weapon Shoppe.
  2434 | D:4      | Bought a crystal trident for 153 gold pieces
  2434 | D:4      | Identified the +3 trident of Ujuong {freeze, Will+} (You
                  | bought it in a shop on level 4 of the Dungeon)
  2482 | D:4      | Found a staircase to the Ecumenical Temple.
  2492 | D:4      | Reached skill level 5 in Short Blades
  2584 | Temple   | Entered the Ecumenical Temple
  2749 | Temple   | Became a worshipper of Qazlal Stormbringer
  3028 | D:5      | Entered Level 5 of the Dungeon
  3034 | D:5      | Reached XP level 7. HP: 50/50 MP: 1/10
  3183 | D:5      | Reached skill level 9 in Polearms
  3616 | D:5      | Noticed Ijyb
  3633 | D:5      | Reached XP level 8. HP: 29/58 MP: 3/12
  3758 | D:5      | Killed Ijyb
  4048 | D:6      | Found a sand-covered staircase.
  4062 | Ossuary  | Entered an ossuary
  4072 | Ossuary  | Reached * piety under Qazlal
  4560 | D:6      | Reached XP level 9. HP: 56/65 MP: 5/14
  4722 | D:6      | Reached ** piety under Qazlal
  5218 | D:7      | Reached skill level 5 in Stealth
  5458 | D:7      | Found a shimmering blue altar of Sif Muna.
  5663 | D:1      | Bought a pair of warped boots for 266 gold pieces
  5663 | D:1      | Identified the +2 pair of boots of the Ornamental God
                  | {Drain rElec rPois rCorr} (You bought it in a shop on level
                  | 1 of the Dungeon)
  5970 | D:7      | Reached skill level 5 in Invocations
  6079 | D:8      | Noticed Erica
  6090 | D:8      | Killed Erica
  6091 | D:8      | Reached skill level 5 in Fighting
  6091 | D:8      | Reached skill level 5 in Long Blades
  6091 | D:8      | Reached skill level 5 in Axes
  6091 | D:8      | Reached skill level 5 in Maces & Flails
  6091 | D:8      | Reached skill level 5 in Staves
  6091 | D:8      | Reached skill level 5 in Ranged Weapons
  6091 | D:8      | Reached skill level 5 in Throwing
  6091 | D:8      | Reached skill level 5 in Dodging
  6091 | D:8      | Reached skill level 5 in Shields
  6091 | D:8      | Reached skill level 5 in Unarmed Combat
  6091 | D:8      | Reached skill level 5 in Spellcasting
  6091 | D:8      | Reached skill level 5 in Evocations
  6091 | D:8      | Reached XP level 10. HP: 69/74 MP: 8/17
  6103 | D:8      | Reached skill level 10 in Polearms
  6128 | D:8      | Reached *** piety under Qazlal
  6596 | D:8      | Found Usullo Yniro's Serpentskin Sales.
  6607 | D:8      | Bought 3 curare-tipped darts for 46 gold pieces
  6668 | D:9      | Paralysed by a hornet for 1 turns
  6817 | D:9      | Noticed a centaur warrior
  6829 | D:9      | Killed a centaur warrior
  6876 | D:9      | Noticed a manticore
  6896 | D:9      | Killed a manticore
  7003 | D:9      | Noticed a tengu warrior
  7017 | D:9      | HP: 2/112 [tengu warrior/bolt (19)]
  7021 | D:9      | Killed a tengu warrior
  7352 | D:9      | Noticed a two-headed ogre
  7366 | D:9      | Killed a two-headed ogre
  7367 | D:9      | Reached skill level 5 in Conjurations
  7367 | D:9      | Reached skill level 5 in Hexes
  7367 | D:9      | Reached skill level 5 in Summonings
  7367 | D:9      | Reached skill level 5 in Necromancy
  7367 | D:9      | Reached skill level 5 in Translocations
  7367 | D:9      | Reached skill level 5 in Transmutations
  7367 | D:9      | Reached skill level 5 in Fire Magic
  7367 | D:9      | Reached skill level 5 in Ice Magic
  7367 | D:9      | Reached skill level 5 in Air Magic
  7367 | D:9      | Reached skill level 5 in Earth Magic
  7367 | D:9      | Reached skill level 5 in Poison Magic
  7370 | D:9      | Reached XP level 11. HP: 33/81 MP: 11/20
  7638 | D:9      | Found a staircase to the Lair.
  7984 | D:9      | Found Fimevvam's Magic Scroll Shoppe.
  7987 | D:9      | Bought a scroll of poison for 44 gold pieces
  7987 | D:9      | Bought a scroll of identify for 22 gold pieces
  7987 | D:9      | Bought a scroll of teleportation for 33 gold pieces
  7987 | D:9      | Bought a scroll of immolation for 44 gold pieces
  8172 | D:10     | Entered Level 10 of the Dungeon
  8397 | D:10     | Noticed an orc knight
  8425 | D:9      | Killed an orc knight
  8544 | D:10     | Reached **** piety under Qazlal
  8653 | D:10     | Found a staircase to the Orcish Mines.
  8927 | D:10     | Found Peluigis's Self-Improvement Boutique.
  8984 | D:10     | Identified the +2 scale mail of the Devil's Advocate {rElec
                  | rPois Int+6}
  9079 | D:10     | Noticed a two-headed ogre
  9091 | D:10     | Killed a two-headed ogre
  9222 | D:10     | Learned a level 3 spell: Call Canine Familiar
  9950 | D:11     | Noticed a two-headed ogre
  9963 | D:11     | Killed a two-headed ogre
 10083 | D:11     | Noticed a boulder beetle
 10308 | D:11     | Found a frozen archway.
 10313 | IceCv    | Entered an ice cave
 10330 | IceCv    | Reached skill level 11 in Polearms
 10330 | IceCv    | Reached ***** piety under Qazlal
 10394 | IceCv    | Noticed a death yak
 10395 | IceCv    | Noticed a death yak
 10415 | IceCv    | Killed a death yak
 10419 | IceCv    | Reached XP level 12. HP: 43/91 MP: 17/22
 10420 | IceCv    | Killed a death yak
 10423 | IceCv    | HP: 9/204 [polar bear (6)]
 10429 | IceCv    | HP: 10/204 [polar bear (1)]
 10759 | IceCv    | Noticed a death yak
 10767 | IceCv    | Killed a death yak
 10925 | IceCv    | Noticed a frost giant
 10944 | IceCv    | HP: 1/91 [frost giant/+1 battleaxe of freezing (5)]
 10949 | IceCv    | Mangled by a frost giant

Illustrated notes

Levels and vault maps discovered:
D:1:      matt_arrival_debris, layout_basic, serial_shops, shop
D:2:      layout_basic
D:3:      layout_rooms, mainiacjoe_overflow_concentric_impassable,
          nicolae_overflow_hallway_of_the_gods, hangedman_decor_points,
          minivault_27, minivault_5, grunt_decor_cap, serial_bayou_crossing,
          uniq_terence
D:4:      kennysheep_big_flooded_room, layout_cave_pools,
          minmay_temple_entry_trees, serial_shops, shop
D:5:      layout_cave_pools, minmay_checkerbox, uniq_ijyb
D:6:      layout_basic, nicolae_ossuary_entry_monument, minmay_splitting_lines
D:7:      layout_rooms, tgw_sif
D:8:      layout_rooms, guppyfry_shop_venom, uniq_erica
D:9:      layout_basic, lair_entry_dummy, serial_shops, nicolae_shop_rolled_up,
          kb_rosetta
D:10:     layout_layer_cave, david_orc_5, nicolae_shop_self_help
D:11:     layout_stronghold, serial_shops, shop, serial_ice, serial_ice_d,
          serial_ice_m, serial_ice_j, serial_ice_n, serial_ice_c, serial_ice_b,
          portal_ice_cave_entry_pillars_2
Temple:   nicolae_temple_bog_church
IceCv:    ice_cave_small_giant

Skill      XL: |  1  2  3  4  5  6  7  8  9 10 11 12 |
---------------+-------------------------------------+-----
Invocations    | 1 2 3 4 5 6 7 8 |  8.1
Fighting       | 1 2 3 5 6 7 |  7.4
Long Blades    | 1 2 3 5 6 7 |  7.4
Axes           | 1 2 3 5 6 7 |  7.4
Maces & Flails | 1 2 3 5 6 7 |  7.4
Staves         | 1 2 3 5 6 7 |  7.4
Ranged Weapons | 1 2 3 5 6 7 |  7.4
Throwing       | 1 2 3 5 6 7 |  7.4
Dodging        | 1 2 3 5 6 7 |  7.4
Shields        | 1 2 3 5 6 7 |  7.4
Unarmed Combat | 1 2 3 5 6 7 |  7.4
Spellcasting   | 1 2 3 5 6 7 |  7.4
Evocations     | 1 2 3 5 6 7 |  7.4
Conjurations   | 1 2 3 4 5 6 |  6.1
Hexes          | 1 2 3 4 5 6 |  6.1
Summonings     | 1 2 3 4 5 6 |  6.1
Necromancy     | 1 2 3 4 5 6 |  6.1
Translocations | 1 2 3 4 5 6 |  6.1
Transmutations | 1 2 3 4 5 6 |  6.1
Fire Magic     | 1 2 3 4 5 6 |  6.1
Ice Magic      | 1 2 3 4 5 6 |  6.1
Air Magic      | 1 2 3 4 5 6 |  6.1
Earth Magic    | 1 2 3 4 5 6 |  6.1
Poison Magic   | 1 2 3 4 5 6 |  6.1
Stealth        | 3 4 5 6 7 |  7.8
Short Blades   | 5 6 7 8 |  8.8
Armour         | 7 8 9 |  9.9
Polearms       | 9 10 11 | 11.2

Action                     |  1- 3 |  4- 6 |  7- 9 | 10-12 || total
---------------------------+-------+-------+-------+-------++-------
  Melee: Spear             |   122 |    90 |       |       ||   212
         Bite              |     9 |    11 |    30 |    63 ||   113
         Punch             |     1 |       |     7 |    18 ||    26
         Trident           |       |    47 |   365 |   548 ||   960
  Throw: Dart              |       |       |     3 |    33 ||    36
         Stone             |       |       |     7 |       ||     7
   Cast: Call Canine Famil |       |       |       |     5 ||     5
    Use: Scroll            |     3 |     3 |     2 |     8 ||    16
         Potion            |       |       |     3 |    16 ||    19
   Stab: Sleeping          |       |     3 |       |       ||     3
         Distracted        |       |       |       |     1 ||     1
 Armour: Ring mail         |    32 |    59 |   146 |   166 ||   403
         Skin              |       |       |    11 |    23 ||    34
  Dodge: Dodged            |    32 |    62 |   155 |   253 ||   502
         Repelled          |       |       |       |     3 ||     3
  Block: Other             |       |       |    11 |    85 ||    96
